 Dungeon Crawl Stone Soup version 0.25-a0-258-g6d7e32a812 (webtiles) character file.

Game seed: 490162843477183562, levelgen mode: deterministic

95216 MirrMurr the Basher (level 15, -18/126 HPs)
             Began as a Demonspawn Berserker on Dec 5, 2019.
             Was a High Priest of Trog.
             Demolished by an orc warrior
             ... wielding a +3 mace
              (19 damage)
             ... on level 2 of the Orcish Mines on Dec 6, 2019.
             The game lasted 01:14:35 (28435 turns).

MirrMurr the Basher (Demonspawn Berserker)         Turns: 28435, Time: 01:14:35

Health: -18/126    AC: 11    Str: 23    XL:     15   Next: 65%
Magic:  0/15       EV: 17    Int:  8    God:    Trog [*****.]
Gold:   3043       SH:  9    Dex: 14    Spells: 14/14 levels left

rFire    . . .     SeeInvis .   a - +0 morningstar (freeze)
rCold    . . .     Gourm    .   h - +0 buckler
rNeg     . . .     Faith    .   Q - +0 plate armour {MR+}
rPois    .         Spirit   +   u - +0 helmet
rElec    .         Reflect  +   H - +1 cloak
rCorr    .         Harm     .   v - +0 pair of gloves
MR       +++..                  (no boots)
Stlth    ..........             L - +4 amulet of reflection
HPRegen  0.31/turn              k - +4 ring of evasion
MPRegen  0.28/turn              G - ring of protection from magic

@: corroded
A: talons 2, iridescent scales 3, magic shield, magic regeneration
a: Berserk, Trog's Hand, Brothers in Arms, Renounce Religion


You were on level 2 of the Orcish Mines.
You worshipped Trog.
Trog was extremely pleased with you.
You were not hungry.

You visited 3 branches of the dungeon, and saw 23 of its levels.
You also visited: Sewer and Ice Cave.

You collected 3043 gold pieces.

Inventory:

Hand Weapons
 a - a +0 morningstar of freezing (weapon)
 b - a +2 hunting sling of freezing
 J - a +6 broad axe
Missiles
 e - 8 javelins (quivered)
 j - 88 poisoned darts
 t - 12 curare-tipped darts
 A - 338 stones
 D - 3 throwing nets
 I - 102 sling bullets
Armour
 h - a +0 buckler (worn)
 u - a +0 helmet (worn)
 v - a +0 pair of gloves (worn)
 H - a +1 cloak (worn)
 Q - a +0 plate armour of magic resistance (worn)
Jewellery
 g - an uncursed ring of flight
 k - a +4 ring of evasion (left hand)
 q - the ring "Gerpha" {rPois rC- rCorr Dex+4}
   (You found it in an ice cave)

   [ring of resist corrosion]

   It affects your dexterity (+4).
   It makes you vulnerable to cold.
   It protects you from poison.
   It provides partial protection from all sources of acid and corrosion.
 s - an uncursed ring of protection from fire
 y - an uncursed ring of protection from cold
 G - a ring of protection from magic (right hand)
 L - a +4 amulet of reflection (around neck)
 Y - an uncursed ring of positive energy
Wands
 N - a wand of paralysis (22)
 S - a wand of clouds (3)
 W - a wand of scattershot (5)
 X - a wand of acid (3)
Scrolls
 d - 8 scrolls of enchant weapon
 f - 13 scrolls of teleportation
 p - 5 scrolls of magic mapping
 r - 13 scrolls of remove curse
 w - 6 scrolls of fear
 z - 2 scrolls of blinking
 K - 2 scrolls of fog
 M - 4 scrolls of immolation
 R - a scroll of identify
 U - 2 scrolls of summoning
 V - a scroll of enchant armour
 Z - 2 scrolls of silence
Potions
 l - 4 potions of haste
 m - 2 potions of lignification
 n - 5 potions of heal wounds
 o - 2 potions of ambrosia
 x - 14 potions of curing
 B - 3 potions of invisibility
 C - 3 potions of flight
 E - 4 potions of agility
 F - 2 potions of resistance
 O - 2 potions of magic {unknown}
 P - a potion of mutation
 T - 3 potions of cancellation
Comestibles
 c - 27 rations
 i - 13 chunks of flesh


   Skills:
 * Level 14.0 Fighting
 - Level 14.0 Maces & Flails
 + Level 4.6 Slings
 + Level 12.1 Armour
 + Level 12.1 Dodging
 - Level 4.0 Shields


You had 14 spell levels left.
You didn't know any spells.
Your spell library was empty.

Dungeon Overview and Level Annotations

Branches:
Dungeon (15/15)            Temple (0/1) D:6            Lair (6/6) D:9
  Swamp (0/4) Lair:2       Spider (0/4) Lair:4        Slime (0/5) Lair:5
    Orc (2/2) D:9             Elf (0/3) Orc:2        Vaults (0/5) D:13
 Depths (0/5) D:15          Sewer (visited)           IceCv (visited)

Altars:
Fedhas
Gozag
Kikubaaqudgha
Nemelex Xobeh
Okawaru
Qazlal
Ru
Sif Muna
Uskayaw
Xom
The Shining One
Beogh
Jiyva

Shops:
D:8 *   D:11 :


Innate Abilities, Weirdness & Mutations

You have razor-sharp toenails.
You are completely covered in iridescent scales. (AC +6)
When hurt, damage is shared between your health and your magic reserves.
You regenerate magic rapidly.


Message History

The orc high priest completely misses you.
Unknown command.
You barely miss the orc high priest. Your kick misses the orc high priest.
The orc high priest is almost dead.
The orc warrior misses you. The ice devil hits you.
* * * LOW HITPOINT WARNING * * *
The ice devil freezes you!!
* * * LOW HITPOINT WARNING * * *
You block the rust devil's attack. You block the orc warrior's attack. x2
The ice devil misses you.
The orc high priest hits you but does no damage.
You barely miss the orc high priest.
You claw the orc high priest, but do no damage.
The orc high priest is almost dead.
The ice devil hits you.
* * * LOW HITPOINT WARNING * * *
The ice devil freezes you!
* * * LOW HITPOINT WARNING * * *
The orc warrior hits you with a +3 mace!!
You die...

####### #.[[......#
##.....### ###.##...###
.........### ##..[.###.#
...........########......####
............##.#.###)#..##
#o#.#o#.#.#.#......)....#
(......o.)(.[.).)[...#.##
.).........(.(ooo.......#
..........(..(.4@....#.##
#.#.#.#.#.#.#..4o4....##
....(.[.....#........##
..(..(.....##.........#
.....[(..####........##
##...(.### ##.###..## #######
### ...# #.##


You could see an orc high priest, 2 ice devils, a rust devil and 3 orc warriors.

Vanquished Creatures
  Rupert (Lair:3)
  An orc warlord (Orc:2)
  A stone giant (Orc:1)
  2 ettins
  An ogre mage (D:15)
  2 ice dragons (IceCv)
  A vault guard (D:13)
  7 hydras
  Harold (D:8)
  Erica (D:8)
  4 centaur warriors
  2 catoblepae
  2 two-headed ogres
  A deep troll shaman (Lair:6)
  2 tengu warriors (D:15)
  6 death yaks (Lair:6)
  4 orc high priests
  4 unseen horrors
  2 wizards
  A deep troll (D:15)
  A harpy (shapeshifter) (D:13)
  A deep elf archer (D:15)
  8 orc knights
  2 deep elf magi
  An ugly thing (D:13)
  2 manticores
  5 orc sorcerers
  4 cyclopes
  16 elephants
  2 black mambas
  Joseph (D:8)
  A guardian serpent (D:12)
  2 ice statues (IceCv)
  3 centaur zombies
  5 spiny frogs
  A kobold demonologist (D:13)
  2 gargoyles
  4 rime drakes
  5 komodo dragons
  2 ice devils (D:14)
  7 trolls
  3 polar bears
  5 dream sheep (Lair:6)
  11 hippogriffs
  5 slime creatures
  23 blink frogs
  2 vampires
  2 wraiths (D:13)
  3 water elementals
  3 centaur simulacra (D:14)
  A shadow (D:13)
  3 hogs (D:7)
  37 yaks
  A human (D:7)
  A fire bat (shapeshifter) (D:13)
  11 basilisks
  A hungry ghost (D:13)
  8 wyverns
  A steam dragon (D:13)
  A redback simulacrum (D:15)
  6 wargs
  2 hell hounds (Lair:5)
  2 swamp worms (Lair:2)
  13 water moccasins
  An acid dragon (D:12)
  2 porcupines
  2 black bears
  16 ice beasts
  37 orc warriors
  2 phantoms
  4 sky beasts
  A meliai simulacrum (D:14)
  9 ogres
  2 necrophages
  20 wolves
  13 centaurs
  12 crocodiles
  21 bullfrogs
  A wyvern skeleton (D:7)
  A scorpion (D:10)
  12 killer bees (D:10)
  13 wights
  An electric eel (D:7)
  2 howler monkeys (D:7)
  10 crimson imps
  2 bullfrog zombies
  2 centaur skeletons
  3 jellies
  35 orc priests
  3 hounds
  25 orc wizards
  2 bullfrog skeletons
  4 iguanas
  4 worker ants
  A hound skeleton (D:11)
  2 howler monkey zombies
  2 worker ant zombies
  Robin (D:4)
  17 adders
  3 shadow imps
  A white imp (D:14)
  An ufetubus (D:14)
  5 oozes
  An adder zombie (D:7)
  An adder skeleton (D:4)
  8 worms
  5 dart slugs
  11 leopard geckos
  102 orcs
  3 giant cockroaches
  21 goblins
  9 hobgoblins
  23 jackals
  5 quokkas
  7 ball pythons
  A ball python zombie (D:6)
  12 bats
  4 frilled lizards
  A jackal skeleton (D:4)
  8 kobolds
  A leopard gecko zombie (D:8)
  8 rats
  2 fungi
794 creatures vanquished.

Vanquished Creatures (others)
  Fannar (Lair:2)
  Sonja (Orc:1)
  2 cyclopes
  A porcupine (Lair:2)
  An orc priest (Orc:1)
  2 orcs
  12 fungi
  5 plants
25 creatures vanquished.

Grand Total: 819 creatures vanquished

Notes
Turn   | Place    | Note
-------+----------+-------------------------------------------
     0 | D:1      | MirrMurr the Demonspawn Berserker began the quest for the
                  | Orb.
     0 | D:1      | Reached XP level 1. HP: 18/18 MP: 1/1
   405 | D:1      | Gained mutation: You have sharp toenails. [demonic
                  | ancestry]
   405 | D:1      | Reached XP level 2. HP: 18/24 MP: 2/2
  1076 | D:2      | Gained mutation: You are partially covered in iridescent
                  | scales. (AC +2) [demonic ancestry]
  1076 | D:2      | Reached XP level 3. HP: 19/29 MP: 3/3
  1312 | D:2      | Reached ** piety under Trog
  1554 | D:2      | Reached XP level 4. HP: 35/35 MP: 4/4
  1624 | D:2      | Reached skill level 1 in Shields
  1850 | D:2      | Found a faded altar of an unknown god.
  2073 | D:2      | Found a sacrificial altar of Ru.
  2145 | D:3      | Gained mutation: You are mostly covered in iridescent
                  | scales. (AC +4) [demonic ancestry]
  2145 | D:3      | Reached XP level 5. HP: 37/41 MP: 5/5
  2547 | D:3      | Found a stormy altar of Qazlal.
  2644 | D:4      | Reached *** piety under Trog
  2802 | D:4      | Found a sparkling altar of Nemelex Xobeh.
  2870 | D:4      | Noticed Robin
  2884 | D:4      | Killed Robin
  2889 | D:4      | Gained mutation: You have razor-sharp toenails. [demonic
                  | ancestry]
  2889 | D:4      | Reached XP level 6. HP: 48/48 MP: 6/6
  3223 | D:5      | Entered Level 5 of the Dungeon
  3306 | D:5      | Noticed a hippogriff
  3324 | D:5      | Killed a hippogriff
  3324 | D:5      | Gained mutation: When hurt, damage is shared between your
                  | health and your magic reserves. [demonic ancestry]
  3324 | D:5      | Reached XP level 7. HP: 27/54 MP: 7/7
  3546 | D:5      | Reached skill level 5 in Maces & Flails
  3768 | D:5      | Found a glowing drain.
  3791 | Sewer    | Entered a sewer
  3869 | Sewer    | Reached **** piety under Trog
  4776 | D:6      | Found a staircase to the Ecumenical Temple.
  4782 | D:6      | Reached XP level 8. HP: 61/61 MP: 8/8
  5130 | D:6      | Reached skill level 5 in Fighting
  5340 | D:7      | Noticed a hippogriff
  5348 | D:7      | Killed a hippogriff
  5380 | D:7      | Reached XP level 9. HP: 47/68 MP: 7/9
  5632 | D:7      | Reached skill level 5 in Armour
  5827 | D:7      | Reached skill level 5 in Dodging
  5931 | D:7      | Found a shimmering altar of Xom.
  6110 | D:7      | Found a hide-covered altar of Uskayaw.
  6110 | D:7      | Found a faded altar of an unknown god.
  6115 | D:7      | Found a shimmering blue altar of Sif Muna.
  6117 | D:7      | Found an iron altar of Okawaru.
  6119 | D:7      | Found an ancient bone altar of Kikubaaqudgha.
  6502 | D:7      | Found a glowing golden altar of the Shining One.
  6502 | D:7      | Found a blossoming altar of Fedhas.
  6800 | D:8      | Noticed Erica
  6833 | D:8      | Killed Erica
  6840 | D:8      | Gained mutation: You are completely covered in iridescent
                  | scales. (AC +6) [demonic ancestry]
  6840 | D:8      | Reached XP level 10. HP: 64/77 MP: 7/10
  6907 | D:8      | Noticed Harold
  6914 | D:8      | Killed Harold
  7039 | D:8      | Found an opulent altar of Gozag.
  7044 | D:8      | Found Gozag's Platinum Reserve.
  7081 | D:8      | Noticed Joseph
  7108 | D:8      | Killed Joseph
  7108 | D:8      | Reached ***** piety under Trog
  7108 | D:8      | Received a gift from Trog
  7948 | D:9      | Found a staircase to the Orcish Mines.
  8094 | D:9      | Found a stormy altar of Qazlal.
  8176 | D:9      | Found a staircase to the Lair.
  8530 | D:10     | Entered Level 10 of the Dungeon
  8753 | D:10     | Noticed a two-headed ogre
  8761 | D:10     | Killed a two-headed ogre
  8761 | D:10     | Reached skill level 10 in Maces & Flails
  8761 | D:10     | Reached XP level 11. HP: 86/86 MP: 11/11
  9354 | D:10     | Received a gift from Trog
 10464 | D:11     | Found Awkos's Book Shop.
 11519 | D:12     | Killed an unseen horror
 11998 | Lair:1   | Entered Level 1 of the Lair of Beasts
 12371 | Lair:1   | Reached XP level 12. HP: 69/95 MP: 12/12
 12473 | Lair:1   | Received a gift from Trog
 12782 | Lair:2   | You fall into a shaft and drop 2 floors!
 12784 | Lair:4   | Noticed a four-headed hydra
 12793 | Lair:4   | Killed a four-headed hydra
 13456 | Lair:2   | Noticed Fannar
 13467 | Lair:2   | Killed Fannar
 14267 | Lair:2   | Noticed an eight-headed hydra
 14279 | Lair:2   | Killed an eight-headed hydra
 14503 | Lair:2   | Found a staircase to the Swamp.
 14728 | Lair:3   | Noticed Rupert
 14742 | Lair:3   | Killed Rupert
 14742 | Lair:3   | Reached skill level 10 in Fighting
 15247 | Lair:4   | Found a hole to the Spider Nest.
 15887 | Lair:5   | Reached XP level 13. HP: 91/103 MP: 11/13
 16326 | Lair:5   | Received a gift from Trog
 17217 | Lair:5   | Found a viscous altar of Jiyva.
 17217 | Lair:5   | Found a staircase to the Slime Pits.
 17474 | Lair:6   | Entered Level 6 of the Lair of Beasts
 17617 | Lair:5   | Reached skill level 10 in Armour
 17801 | Lair:6   | Reached skill level 10 in Dodging
 18881 | Lair:6   | Reached XP level 14. HP: 108/113 MP: 12/14
 19799 | Lair:6   | Received a gift from Trog
 21405 | D:13     | Found a gate to the Vaults.
 21678 | D:14     | Received a gift from Trog
 21748 | D:14     | Reached skill level 1 in Slings
 22064 | D:14     | Found a frozen archway.
 22097 | IceCv    | Entered an ice cave
 23318 | IceCv    | Got a twitching lapis lazuli ring
 23322 | IceCv    | Got a twitching turquoise ring
 23326 | IceCv    | Got a brightly glowing ivory ring
 23500 | IceCv    | Identified the ring "Kynigyff" {+Inv rCorr Str-3 Int+3}
                  | (You found it in an ice cave)
 23505 | D:14     | Identified the ring "Gerpha" {rPois rC- rCorr Dex+4} (You
                  | found it in an ice cave)
 23507 | D:14     | Identified the cursed ring "Kiusta" {Str-2 Stlth+} (You
                  | found it in an ice cave)
 23721 | D:15     | Entered Level 15 of the Dungeon
 24038 | D:15     | Gained mutation: You regenerate magic rapidly. [demonic
                  | ancestry]
 24038 | D:15     | Reached XP level 15. HP: 105/122 MP: 15/15
 24341 | D:15     | Found a staircase to the Depths.
 25311 | Orc:1    | Entered Level 1 of the Orcish Mines
 25975 | Orc:2    | Entered Level 2 of the Orcish Mines
 26429 | Orc:2    | Received a gift from Trog
 26455 | Orc:2    | Noticed an orc warlord
 26471 | Orc:2    | Killed an orc warlord
 26829 | Orc:2    | Found a staircase to the Elven Halls.
 26940 | Orc:1    | Noticed Sonja
 26964 | Orc:1    | Killed Sonja
 27134 | Orc:1    | Found a roughly hewn altar of Beogh.
 27380 | Orc:2    | Received a gift from Trog
 28435 | Orc:2    | HP: 1/126 [ice devil[an orc high priest] (9)]
 28435 | Orc:2    | Demolished by an orc warrior

Levels and vault maps discovered:
D:1:      co_arrival_random_square_maze, layout_basic, chequers_jeans
D:2:      minmay_alternating_diamond, layout_loops_ring,
          lemuel_coloured_pillars_altar, chequers_ecumenical_altar_twisty
D:3:      layout_rooms, nicolae_qazlal_eye_of_the_storm
D:4:      layout_basic, first_ration, nemelex_dance_club_becter, uniq_robin
D:5:      layout_loops_ring, portal_sewer_entry_f
D:6:      layout_rooms, minmay_temple_entry_proselytizer
D:7:      layout_loops_ring, chequers_temple_overflow_minitemple,
          gammafunk_temple_overflow_wave, basic_altar, grunt_livestock,
          minivault_4, kennysheep_crisscross, minmay_fractal_squares_diagonal_5
D:8:      layout_loops_ring, serial_glass, glass_columns_c, glass_columns_a,
          glass_columns_a, glass_columns_a, feat_on_display,
          nicolae_gozag_zags_fifth_avenue, uniq_erica, uniq_joseph, uniq_harold
D:9:      layout_cave_pools, overflow_temple_1_default, dpeg_oklobed_lair,
          david_orc_3
D:10:     layout_gridville
D:11:     layout_stronghold, serial_shops, shop_statue
D:12:     layout_rooms, nrook_guardian_serpent_ordinary
D:13:     layout_small_grid, david_vaults_4, hive_lemuel
D:14:     layout_rooms, serial_ice, serial_ice_g, serial_ice_j, serial_ice_h,
          serial_ice_d, portal_ice_cave_demonic_guard
D:15:     hangedman_depths_entry_civil_slaughter, layout_basic, minmay_librarian
Lair:1:   layout_misc_corridors
Lair:2:   layout_roguey, palyth_hydra_swamp_entry, uniq_fannar
Lair:3:   layout_regular_city, minmay_hedge_maze, minivault_27, uniq_rupert
Lair:4:   layout_regular_city, spider_nest_entry_web_field,
          cheibrodos_lair_reptile_den, grunt_megastairs_1
Lair:5:   layout_hall_layers, dpeg_slime_entry_enclosed_altar, special_room
          [special_room_mythical_zoo]
Lair:6:   grunt_lair_end_beastmaster, layout_gridlike
Orc:1:    layout_diamond_mine, bh_open_orc_temple, uniq_sonja
Orc:2:    st_orc_pillars, layout_diamond_mine

Skill      XL: |  1  2  3  4  5  6  7  8  9 10 11 12 13 14 15 |
---------------+----------------------------------------------+-----
Maces & Flails | 3 4 5 6 8 10 11 12 13 14 | 14.0
Armour         | 2 3 4 5 7 8 9 10 11 12 | 12.1
Dodging        | 2 3 4 5 7 8 9 10 11 12 | 12.1
Shields        | 1 2 3 4 |  4.0
Fighting       | 4 5 6 8 9 10 11 12 14 | 14.0
Slings         | 2 4 |  4.6

Action                   |  1- 3 |  4- 6 |  7- 9 | 10-12 | 13-15 || total
-------------------------+-------+-------+-------+-------+-------++-------
Melee: Mace              |    80 |    87 |       |       |       ||   167
       Kick              |     9 |    38 |    52 |   247 |   620 ||   966
       Flail             |       |    85 |   178 |   146 |       ||   409
       Morningstar       |       |       |       |   643 |  1612 ||  2255
 Fire: Hunting sling     |       |    61 |   203 |   295 |   482 ||  1041
Invok: Berserk           |     1 |     1 |       |     8 |     7 ||    17
       Trog's Hand       |       |     2 |     1 |     4 |    13 ||    20
Evoke: Wand              |       |       |       |       |     1 ||     1
  Use: Scroll            |     3 |     9 |     8 |    11 |     5 ||    36
       Potion            |       |       |     1 |       |     1 ||     2
 Stab: Sleeping          |     1 |       |       |       |       ||     1
       Distracted        |       |     1 |       |       |       ||     1
  Eat: Chunk             |     3 |     6 |    11 |    30 |    45 ||    95
       Ration            |       |       |     1 |     2 |     3 ||     6
Armor: Leather armour    |    17 |    51 |       |       |       ||    68
       Ring mail         |       |    29 |    35 |       |       ||    64
       Plate armour      |       |       |    61 |   389 |   663 ||  1113
       Chain mail        |       |       |     5 |       |       ||     5
Dodge: Dodged            |    43 |   128 |   135 |   606 |  1015 ||  1927
Block: Buckler           |    11 |    33 |    44 |   335 |   679 ||  1102
       Reflection        |       |       |       |     1 |    24 ||    25

Table legend:
 A = Non-vault XP
 B = Vault XP
 C = Vault XP percentage of total XP
 D = Non-vault monster count
 E = Vault monster count
 F = Vault count percentage of total count
                 A         B        C        D         E       F
            +---------+---------+-------+---------+---------+-------
      Total |   83126 |   52898 |  38.9 |     570 |     227 |  28.5
            +---------+---------+-------+---------+---------+-------
        D:1 |      39 |       0 |   0.0 |      20 |       0 |   0.0
        D:2 |     107 |      25 |  18.9 |      24 |       7 |  22.6
        D:3 |     115 |       0 |   0.0 |      24 |       0 |   0.0
        D:4 |      58 |      48 |  45.3 |       7 |      15 |  68.2
        D:5 |     783 |       9 |   1.1 |      20 |       3 |  13.0
        D:6 |     509 |      41 |   7.5 |      13 |       1 |   7.1
        D:7 |    1371 |    1194 |  46.5 |      28 |       8 |  22.2
        D:8 |    1724 |    2551 |  59.7 |      29 |       4 |  12.1
        D:9 |    2854 |     262 |   8.4 |      23 |       5 |  17.9
       D:10 |    5070 |       0 |   0.0 |      52 |       0 |   0.0
       D:11 |    1358 |       0 |   0.0 |       9 |       0 |   0.0
       D:12 |    2329 |     448 |  16.1 |      14 |       1 |   6.7
       D:13 |   10667 |    1974 |  15.6 |      48 |       4 |   7.7
       D:14 |    3115 |    1737 |  35.8 |      13 |       9 |  40.9
       D:15 |    7907 |    5767 |  42.2 |      23 |       7 |  23.3
     Lair:1 |    3761 |       0 |   0.0 |      20 |       0 |   0.0
     Lair:2 |    1647 |    2628 |  61.5 |      10 |       6 |  37.5
     Lair:3 |    1719 |    2775 |  61.7 |       9 |       1 |  10.0
     Lair:4 |    6292 |     577 |   8.4 |      26 |       8 |  23.5
     Lair:5 |    8562 |    8270 |  49.1 |      27 |      28 |  50.9
     Lair:6 |    9592 |   10867 |  53.1 |      32 |      21 |  39.6
      Orc:1 |    5894 |    2935 |  33.2 |      28 |       9 |  24.3
      Orc:2 |    7653 |    5184 |  40.4 |      71 |      45 |  38.8
      Sewer |       0 |      71 | 100.0 |       0 |      25 | 100.0
      IceCv |       0 |    5535 | 100.0 |       0 |      20 | 100.0
            +---------+---------+-------+---------+---------+-------
